Map: Pillars of Gold LE

Players

Serral

  • Race: Zerg Zerg
  • Spawn Location: 7:00

TIME (Oliveira) - Winner!

  • Race: Terran Terran
  • Spawn Location: 1:00

Event: DreamHack SC2 Masters 2020 Fall

VOD

Have the link to the VOD?

Description

Time

  • Played on: Sept. 18, 2020, 9:33 a.m.
  • Length: 10:14

All games in this series

Show
View Real Time Build Order
Export as new Build Order

Serral Zerg 

Build Orders: Hatch First 

Get SALT Encoding   

  12  0:00  Drone  
  13  0:13  Overlord  
  13  0:18  Drone  
  14  0:32  Drone x2  
  16  0:50  Hatchery  
  16  0:54  Drone  
  16  0:56  Drone  
  17  1:01  Drone  
  18  1:10  Extractor  
  17  1:16  Spawning Pool  
  16  1:19  Drone  
  16  1:23  Drone  
  18  1:28  Drone  
  19  1:39  Drone  
  20  1:49  Overlord  
  20  2:02  Queen x2  
  20  2:03  Zergling x4  
  26  2:12  Drone  
  26  2:13  Drone  
  26  2:14  Metabolic Boost  
  28  2:22  Drone  
  29  2:24  Drone  
  30  2:38  Hatchery  
  30  2:41  Drone  
  30  2:43  Drone  
  31  2:50  Queen  
  33  2:55  Overlord  
  33  2:58  Drone  
  34  3:00  Drone  
  34  3:03  Drone  
  36  3:14  Drone x4  
  36  3:15  Overlord  
  36  3:18  Drone  
  41  3:20  Drone  
  41  3:26  Queen  
  44  3:32  Overlord  
  44  3:34  Overlord  
  44  3:40  Zergling x2  
  44  3:42  Zergling x2  
  44  3:43  Zergling x2  
  44  3:44  Drone x2  
  48  3:51  Drone  
  48  3:52  Queen, Baneling Nest  
  48  3:55  Zergling x2  
  51  3:57  Zergling x2  
  51  3:59  Drone  
  51  4:00  Drone  
  51  4:02  Drone  
  55  4:07  Queen  
  57  4:14  Zergling x8  
  61  4:18  Overlord  
  61  4:20  Zergling x4  
  63  4:27  Zergling x6  
  66  4:36  Queen  
  64  4:40  Zergling x12  
  60  4:48  Zergling x6  
  60  4:52  Queen  
  58  4:56  Queen  
  54  5:05  Zergling x6  
  54  5:06  Zergling x2  
  54  5:07  Zergling x2  
  52  5:17  Lair  
  52  5:19  Zergling x4, Spore Crawler  
  52  5:20  Zergling x2  
  54  5:22  Zergling x2  
  54  5:27  Drone, Spore Crawler  
  55  5:31  Queen  
  55  5:34  Spore Crawler  
  56  5:37  Drone x2  
  56  5:41  Baneling x5  
  58  5:43  Baneling  
  58  5:45  Drone  
  58  5:46  Drone  
  60  5:51  Queen  
  60  5:53  Drone  
  63  5:57  Zergling x2  
  63  5:58  Zergling x4  
  63  6:01  Overlord  
  66  6:08  Zergling x6  
  66  6:12  Queen  
  66  6:15  Zergling x2  
  66  6:16  Zergling x4  
  63  6:31  Queen x2  
  62  6:38  Zergling x2  
  52  6:48  Queen  
  52  6:49  Zergling x6  
  56  6:58  Drone x2  
  56  7:00  Drone  
  50  7:11  Queen  
  51  7:16  Spore Crawler  
  51  7:17  Drone  
  51  7:22  Drone  
  50  7:29  Zergling x8  
  50  7:32  Drone  
  50  7:33  Drone  
  51  7:42  Overlord  
  50  7:44  Drone x2  
  50  7:48  Queen  
  53  7:53  Drone x2  
  53  7:54  Drone x2  
  53  7:56  Drone x2  
  53  7:57  Drone  
  58  8:02  Queen  
  59  8:06  Queen  
  59  8:09  Overseer  
  61  8:14  Extractor x2  
  61  8:18  Spire  
  58  8:21  Drone x3  
  58  8:22  Spore Crawler  
  58  8:23  Drone  
  58  8:25  Drone  
  62  8:30  Queen  
  62  8:31  Extractor  
  63  8:38  Queen  
  63  8:39  Drone x2  
  65  8:49  Drone x5  
  65  8:53  Drone  
  68  8:56  Spore Crawler  
  68  8:59  Queen  
  61  9:06  Zergling x6  
  63  9:11  Spore Crawler  
  63  9:14  Drone  
  63  9:15  Drone x2  
  62  9:19  Baneling x4  
  62  9:23  Drone x2  
  60  9:35  Drone x5  
  65  9:57  Baneling x6  
Show
View Real Time Build Order
Export as new Build Order

TIME Terran - Winner!

Build Orders: Hellion Opening 

Get SALT Encoding   

  12  0:00  SCV  
  13  0:12  SCV  
  14  0:17  Supply Depot  
  14  0:25  SCV  
  15  0:28  Refinery  
  15  0:39  SCV  
  16  0:46  Barracks  
  16  0:51  SCV  
  17  1:04  SCV  
  18  1:17  SCV  
  19  1:33  Orbital Command, Barracks Reactor  
  19  1:46  Command Center  
  19  1:56  Factory  
  19  2:00  SCV  
  20  2:09  Marine x2  
  20  2:12  SCV  
  23  2:16  Supply Depot  
  23  2:38  SCV, Marine  
  23  2:41  Starport  
  25  2:46  Refinery  
  25  2:48  Hellion x2  
  25  2:50  SCV  
  30  2:56  Marine  
  31  3:00  Orbital Command  
  31  3:03  SCV  
  32  3:11  Hellion  
  34  3:14  Hellion  
  34  3:16  Marine  
  37  3:22  Medivac  
  39  3:29  Armory  
  39  3:34  Marine  
  39  3:35  Hellion  
  44  3:41  Hellion  
  44  3:46  Supply Depot  
  44  3:49  SCV x2  
  44  3:54  Starport Tech Lab  
  46  4:07  Fusion Core  
  46  4:08  Hellion x2  
  50  4:10  SCV  
  50  4:11  SCV  
  52  4:24  Supply Depot  
  52  4:25  SCV  
  52  4:29  Hellion  
  53  4:40  Hellion  
  52  4:50  Hellion  
  51  4:55  Hellion x2  
  51  4:59  Battlecruiser  
  56  5:01  Hellion  
  48  5:08  SCV x2  
  48  5:15  Hellion  
  48  5:20  SCV  
  51  5:22  Command Center  
  51  5:23  SCV  
  51  5:26  Hellion  
  54  5:32  SCV  
  55  5:37  SCV, Supply Depot  
  55  5:42  Supply Depot  
  56  5:44  SCV  
  56  5:49  Hellion x2  
  62  5:50  SCV  
  62  5:58  SCV  
  62  6:04  Battlecruiser  
  69  6:08  Refinery x2  
  66  6:15  SCV  
  66  6:17  Orbital Command  
  54  6:30  Hellion  
  53  6:33  SCV  
  54  6:44  SCV  
  54  6:46  SCV  
  58  6:47  Hellion  
  54  6:56  SCV  
  54  7:00  SCV  
  50  7:02  Hellion  
  50  7:08  Battlecruiser  
  55  7:09  SCV  
  55  7:12  Hellion, SCV  
  59  7:21  SCV  
  60  7:24  SCV  
  56  7:33  SCV  
  56  7:35  Hellion x2  
  58  7:43  Orbital Command, Weapon Refit  
  58  7:46  SCV  
  58  7:50  SCV  
  61  7:58  Hellion x2, SCV  
  61  8:02  SCV  
  63  8:10  SCV x2  
  65  8:14  Supply Depot  
  65  8:15  Supply Depot  
  65  8:18  SCV  
  66  8:22  SCV  
  67  8:27  SCV  
  67  8:30  SCV  
  67  8:31  Battlecruiser  
  75  8:39  Hellion x2  
  79  8:44  SCV  
  80  8:55  SCV  
  81  8:56  SCV  
  81  9:00  Hellion, SCV  
  85  9:04  Refinery x2  
  85  9:07  Factory x2  
  87  9:10  Hellion, SCV  
  88  9:20  SCV  
  89  9:26  Hellion  
  73  9:39  Hellion, SCV  
  76  9:47  Hellion  
  84  9:55  Factory Tech Lab x2  
  84  10:00  Engineering Bay  

Tags
 
Add a new tag
Caveats
  • Supply blocks, unpowered buildings, or Contaminate may cause inaccurate times.
  • Supply counts are checked every 10 seconds.